TOP OF THE 1ST |
Wisconsin Rapids Timber Rattlers batting - Pitching for Decatur Commodores : RHP Rafael Vasquez
|
Pitching: RHP Rafael Vasquez
|
|
Batting: RHB Tim Pyznarski
|
0-0: Ball 1-0: Foul Ball, location: 2F 1-1: Called Strike 1-2: Fly out, F8 (Line Drive, 8LD, EV 107.5 MPH)
|
Batting: RHB Jim Presley
|
0-0: Called Strike 0-1: Foul Ball, location: 2F 0-2: Strikes out looking
|
Batting: LHB Dion James
|
0-0: Ball 1-0: Ball 2-0: Ball 3-0: Base on Balls
|
Batting: LHB Greg Smith
|
0-0: Called Strike Dion James steals 2nd base 0-1: SINGLE (Groundball, 25, EV 68.8 MPH) (infield hit) Dion James to third
|
Batting: RHB Barbaro Garbey
|
0-0: Called Strike 0-1: Called Strike 0-2: SINGLE (Flyball, 34D, EV 93.1 MPH) Dion James scores Greg Smith to second Runner from 2nd tries for 3rd, SAFE, throw by RF made to third
|
Batting: LHB Matt Hall
|
0-0: Foul Ball, location: 2F 0-1: Ball 1-1: Ball 2-1: Ball 3-1: Swinging Strike 3-2: Base on Balls Barbaro Garbey to second
|
Batting: RHB Darryl Motley
|
0-0: Ball 1-0: Ball 2-0: Ball 3-0: Called Strike 3-1: Base on Balls Greg Smith scores Barbaro Garbey to third Matt Hall to second
|
Batting: RHB Al Pedrique
|
0-0: Ball Wild Pitch! Barbaro Garbey scores Matt Hall to third Darryl Motley to second 1-0: Called Strike 1-1: Foul Ball, location: 2F 1-2: Foul Ball, location: 2F 1-2: Strikes out looking
|
Top of the 1st over - 3 runs, 2 hits, 0 errors, 2 left on base; Wisconsin Rapids 3 - Decatur 0 |
BOTTOM OF THE 1ST |
Decatur Commodores batting - Pitching for Wisconsin Rapids Timber Rattlers : LHP Mercedes Esquer
|
Pitching: LHP Mercedes Esquer
|
|
Batting: SHB Roger Holt
|
0-0: Ball 1-0: Ball 2-0: Called Strike 2-1: Foul Ball, location: 2F 2-2: Fly out, F8 (Flyball, 8LD, EV 95.6 MPH)
|
Batting: LHB Jerry Miller
|
0-0: Ball 1-0: Ground out 5-3 (Groundball, 56S, EV 91.9 MPH)
|
Batting: SHB Rondin Johnson
|
0-0: Foul Ball, location: 2F 0-1: Ball 1-1: Foul Ball, location: 2F 1-2: Ball 2-2: Ground out 4-3 (Groundball, 4M, EV 86.3 MPH)
|
Bottom of the 1st over - 0 runs, 0 hits, 0 errors, 0 left on base; Wisconsin Rapids 3 - Decatur 0 |
TOP OF THE 2ND |
Wisconsin Rapids Timber Rattlers batting - Pitching for Decatur Commodores : RHP Rafael Vasquez
|
Batting: RHB David Peterson
|
0-0: Ball 1-0: Ball 2-0: Called Strike 2-1: Ground out 4-3 (Groundball, 4S, EV 84.4 MPH)
|
Batting: RHB Tim Pyznarski
|
0-0: Ball 1-0: Called Strike 1-1: Ball 2-1: Fly out, F8 (Line Drive, 8LM, EV 93.8 MPH)
|
Batting: RHB Jim Presley
|
0-0: Ball 1-0: Foul Ball, location: 2F 1-1: Called Strike 1-2: Ball 2-2: Ball 3-2: Fly out, F7 (Flyball, 7LD, EV 99.4 MPH)
|
Top of the 2nd over - 0 runs, 0 hits, 0 errors, 0 left on base; Wisconsin Rapids 3 - Decatur 0 |
BOTTOM OF THE 2ND |
Decatur Commodores batting - Pitching for Wisconsin Rapids Timber Rattlers : LHP Mercedes Esquer
|
Batting: RHB Clifton Wilder
|
0-0: Ball 1-0: Ball 2-0: Ball 3-0: Called Strike 3-1: Swinging Strike 3-2: Base on Balls
|
Batting: SHB Daniel Wieser
|
0-0: Ball 1-0: Called Strike 1-1: Fly out, F9 (Flyball, 89S, EV 86.9 MPH)
|
Batting: LHB David Showalter
|
0-0: Ball Wild Pitch! Clifton Wilder to second 1-0: Ball 2-0: Called Strike 2-1: Foul Ball, location: 2F 2-2: Foul Ball, location: 2F 2-2: Ball 3-2: Fly out, F7 (Flyball, 7, EV 88.8 MPH)
|
Batting: RHB Miguelito DeLaCruz
|
0-0: Ball 1-0: Reached via error on a dropped throw from 1B, E1 (Groundball, 34, EV 98.1 MPH) Clifton Wilder to third
|
Batting: LHB Samuel Taves
|
0-0: Ball 1-0: Called Strike 1-1: Swinging Strike 1-2: Strikes out looking
|
Bottom of the 2nd over - 0 runs, 0 hits, 1 error, 2 left on base; Wisconsin Rapids 3 - Decatur 0 |
TOP OF THE 3RD |
Wisconsin Rapids Timber Rattlers batting - Pitching for Decatur Commodores : RHP Rafael Vasquez
|
Batting: LHB Dion James
|
0-0: Called Strike 0-1: Ball 1-1: Swinging Strike 1-2: SINGLE (Groundball, 6D, EV 102.5 MPH)
|
Batting: LHB Greg Smith
|
0-0: Called Strike 0-1: Fielders Choice at 2nd, 4-6 (Groundball, 4M, EV 100.0 MPH)
|
Batting: RHB Barbaro Garbey
|
0-0: Fly out, F9 (Flyball, 9LD, EV 100.0 MPH)
|
Batting: LHB Matt Hall
|
0-0: Reached on error, E9 (Flyball, 89M, EV 96.3 MPH) Greg Smith to third
|
Batting: RHB Darryl Motley
|
0-0: Ball 1-0: Ball 2-0: Called Strike 2-1: Ground out 4-3 (Groundball, 34, EV 103.1 MPH)
|
Top of the 3rd over - 0 runs, 1 hit, 1 error, 2 left on base; Wisconsin Rapids 3 - Decatur 0 |
BOTTOM OF THE 3RD |
Decatur Commodores batting - Pitching for Wisconsin Rapids Timber Rattlers : LHP Mercedes Esquer
|
Batting: RHB Rafael Sanchez
|
0-0: Ball 1-0: Fly out, F8 (Flyball, 8RD, EV 95.0 MPH)
|
Batting: SHB Roger Holt
|
0-0: Foul Ball, location: 2F 0-1: Ball 1-1: Called Strike 1-2: Ball 2-2: Ball 3-2: Fly out, F9 (Flyball, 9S, EV 71.9 MPH)
|
Batting: LHB Jerry Miller
|
0-0: Ground out U3 (Groundball, 34S, EV 86.3 MPH)
|
Bottom of the 3rd over - 0 runs, 0 hits, 0 errors, 0 left on base; Wisconsin Rapids 3 - Decatur 0 |
TOP OF THE 4TH |
Wisconsin Rapids Timber Rattlers batting - Pitching for Decatur Commodores : RHP Rafael Vasquez
|
Batting: RHB Al Pedrique
|
0-0: Ball 1-0: Called Strike 1-1: Swinging Strike 1-2: Strikes out swinging
|
Batting: RHB David Peterson
|
0-0: Ball 1-0: Ball 2-0: Foul Ball, location: 2F 2-1: Swinging Strike 2-2: Ball 3-2: SINGLE (Line Drive, 8LS, EV 113.8 MPH)
|
Batting: RHB Tim Pyznarski
|
0-0: Ball 1-0: DOUBLE (Line Drive, 89D, EV 115.0 MPH) David Peterson to third Runner from 3rd tries for Home, SAFE, throw by CF to trailing runner, SAFE at third!
|
Batting: RHB Jim Presley
|
0-0: Ball 1-0: Ground out 6-3 (Groundball, 6, EV 105.0 MPH) Tim Pyznarski scores
|
Batting: LHB Dion James
|
0-0: Called Strike 0-1: Foul Ball, location: 2F 0-2: Ball 1-2: Ball 2-2: Ground out 1-3 (Groundball, 15S, EV 68.8 MPH)
|
Top of the 4th over - 2 runs, 2 hits, 0 errors, 0 left on base; Wisconsin Rapids 5 - Decatur 0 |
BOTTOM OF THE 4TH |
Decatur Commodores batting - Pitching for Wisconsin Rapids Timber Rattlers : LHP Mercedes Esquer
|
Batting: SHB Rondin Johnson
|
0-0: Ball 1-0: Ball 2-0: Ball 3-0: Called Strike 3-1: Base on Balls
|
Batting: RHB Clifton Wilder
|
0-0: Ball 1-0: Ball 2-0: Called Strike 2-1: Ball 3-1: Called Strike 3-2: SINGLE (Groundball, 56D, EV 106.9 MPH) Rondin Johnson to second
|
Batting: SHB Daniel Wieser
|
0-0: Called Strike 0-1: Ball 1-1: Fly out, F8 (Flyball, 8LD, EV 100.0 MPH)
|
Batting: LHB David Showalter
|
0-0: Ball 1-0: Ball 2-0: Ball 3-0: Base on Balls Rondin Johnson to third Clifton Wilder to second
|
Batting: RHB Miguelito DeLaCruz
|
0-0: Foul Ball, location: 2F 0-1: Grounds into double play, 6-4-3 (Groundball, 6, EV 100.6 MPH)
|
Bottom of the 4th over - 0 runs, 1 hit, 0 errors, 2 left on base; Wisconsin Rapids 5 - Decatur 0 |
TOP OF THE 5TH |
Wisconsin Rapids Timber Rattlers batting - Pitching for Decatur Commodores : RHP Rafael Vasquez
|
Batting: LHB Greg Smith
|
0-0: Ball 1-0: Ball 2-0: Ball 3-0: Called Strike 3-1: Base on Balls
|
Batting: RHB Barbaro Garbey
|
0-0: Ball 1-0: Ball 2-0: Swinging Strike 2-1: Ball 3-1: Base on Balls Greg Smith to second
|
Pitching: RHP Peyton Mosher
|
|
Batting: LHB Matt Hall
|
0-0: Reached on error, E1 (Groundball, P, EV 43.8 MPH) Greg Smith scores Barbaro Garbey to third
|
Batting: RHB Darryl Motley
|
0-0: SINGLE (Line Drive, 78M, EV 87.5 MPH) Barbaro Garbey scores Matt Hall to third Runner from 3rd tries for Home, SAFE, throw by CF to home
|
Batting: RHB Al Pedrique
|
0-0: Ball 1-0: Swinging Strike 1-1: Ball 2-1: Called Strike 2-2: Reached on error, E6 (Groundball, 6, EV 110.6 MPH) Darryl Motley to second
|
Batting: RHB David Peterson
|
0-0: Ball 1-0: Grounds into double play, 6-4-3 (Groundball, 6, EV 85.0 MPH) Darryl Motley to third
|
Batting: RHB Tim Pyznarski
|
0-0: Ball 1-0: Called Strike 1-1: Foul Ball, location: 2F 1-2: Ground out 6-3 (Groundball, 6, EV 88.8 MPH)
|
Top of the 5th over - 3 runs, 1 hit, 2 errors, 1 left on base; Wisconsin Rapids 8 - Decatur 0 |
BOTTOM OF THE 5TH |
Decatur Commodores batting - Pitching for Wisconsin Rapids Timber Rattlers : LHP Mercedes Esquer
|
Batting: LHB Samuel Taves
|
0-0: Ball 1-0: Ground out 4-3 (Groundball, 4M, EV 100.6 MPH)
|
Batting: RHB Rafael Sanchez
|
0-0: Fly out, F9 (Flyball, 9LM, EV 88.8 MPH)
|
Pitching: RHP Juan Maravilla
|
|
Batting: SHB Roger Holt
|
0-0: Ball 1-0: Foul Ball, location: 2F 1-1: Ground out 4-3 (Groundball, 34D, EV 105.6 MPH)
|
Bottom of the 5th over - 0 runs, 0 hits, 0 errors, 0 left on base; Wisconsin Rapids 8 - Decatur 0 |
TOP OF THE 6TH |
Wisconsin Rapids Timber Rattlers batting - Pitching for Decatur Commodores : RHP Peyton Mosher
|
Batting: RHB Jim Presley
|
0-0: Ball 1-0: Called Strike 1-1: Ball 2-1: Ball 3-1: Base on Balls
|
Batting: LHB Dion James
|
0-0: Ball 1-0: Ball 2-0: Swinging Strike 2-1: Fly out, F8 (Flyball, 8LD, EV 101.3 MPH)
|
Batting: LHB Greg Smith
|
0-0: Ball 1-0: Called Strike 1-1: Called Strike 1-2: Ball 2-2: SINGLE (Line Drive, 34D, EV 95.0 MPH) Jim Presley to second
|
Batting: RHB Barbaro Garbey
|
0-0: Ball 1-0: Ball 2-0: Ball 3-0: Base on Balls Jim Presley to third Greg Smith to second
|
Batting: LHB Matt Hall
|
0-0: Ball 1-0: SINGLE (Flyball, 56D, EV 94.4 MPH) Jim Presley scores Greg Smith to third Barbaro Garbey to second
|
Batting: RHB Darryl Motley
|
0-0: Called Strike 0-1: Ball 1-1: Swinging Strike 1-2: Foul Ball, location: 2F 1-2: Fly out, F8 (Line Drive, 8RD, EV 89.4 MPH) Runner from 3rd tags up, SCORES, no throw by CF
|
Batting: RHB Al Pedrique
|
0-0: Called Strike 0-1: Ball 1-1: Fly out, F6 (Popup, 6M, EV 66.9 MPH)
|
Top of the 6th over - 2 runs, 2 hits, 0 errors, 2 left on base; Wisconsin Rapids 10 - Decatur 0 |
BOTTOM OF THE 6TH |
Decatur Commodores batting - Pitching for Wisconsin Rapids Timber Rattlers : RHP Juan Maravilla
|
Batting: LHB Jerry Miller
|
0-0: Ball 1-0: Ball 2-0: Fly out, F8 (Flyball, 8LD, EV 100.0 MPH)
|
Pitching: RHP Thomas Banducci
|
|
Batting: SHB Rondin Johnson
|
0-0: Fly out, F8 (Line Drive, 8RM, EV 99.4 MPH)
|
Batting: RHB Clifton Wilder
|
0-0: Ball 1-0: Ground out 3-1 (Groundball, 34, EV 81.3 MPH)
|
Bottom of the 6th over - 0 runs, 0 hits, 0 errors, 0 left on base; Wisconsin Rapids 10 - Decatur 0 |
TOP OF THE 7TH |
Wisconsin Rapids Timber Rattlers batting - Pitching for Decatur Commodores : RHP Peyton Mosher
|
Batting: RHB David Peterson
|
0-0: Ball 1-0: Ball 2-0: Called Strike 2-1: Foul Ball, location: 2F 2-2: Ball 3-2: Base on Balls
|
Pitching: RHP William Martin
|
|
Pinch Hitting: RHB Justin Andrews
|
0-0: Swinging Strike 0-1: Swinging Strike 0-2: Foul Ball, location: 2F 0-2: Strikes out looking
|
Batting: RHB Jim Presley
|
0-0: Swinging Strike 0-1: Ball 1-1: Ball 2-1: Foul Ball, location: 2F 2-2: Strikes out swinging
|
Pinch Hitting: LHB Jerry George
|
0-0: Ball 1-0: Foul Ball, location: 2F 1-1: Ball 2-1: Called Strike 2-2: Foul Ball, location: 2F 2-2: Ball 3-2: Base on Balls David Peterson to second
|
Batting: LHB Greg Smith
|
0-0: Called Strike 0-1: Ball 1-1: Swinging Strike 1-2: Ground out 4-3 (Groundball, 4S, EV 78.8 MPH)
|
Top of the 7th over - 0 runs, 0 hits, 0 errors, 2 left on base; Wisconsin Rapids 10 - Decatur 0 |
BOTTOM OF THE 7TH |
Decatur Commodores batting - Pitching for Wisconsin Rapids Timber Rattlers : RHP Thomas Banducci
|
Now at 3B: Jose Uribe
|
|
Now in LF: Jerry George
|
|
Batting: SHB Daniel Wieser
|
0-0: Called Strike 0-1: Foul Ball, location: 2F 0-2: Ball 1-2: Foul Ball, location: 2F 1-2: Fly out, F1 (Popup, 15, EV 83.1 MPH)
|
Batting: LHB David Showalter
|
0-0: Called Strike 0-1: Swinging Strike 0-2: Strikes out swinging
|
Batting: RHB Miguelito DeLaCruz
|
0-0: Foul Ball, location: 2F 0-1: Foul Ball, location: 2F 0-2: Ball 1-2: Ball 2-2: Foul Ball, location: 2F 2-2: Fly out, F8 (Line Drive, 8LM, EV 98.8 MPH)
|
Bottom of the 7th over - 0 runs, 0 hits, 0 errors, 0 left on base; Wisconsin Rapids 10 - Decatur 0 |
TOP OF THE 8TH |
Wisconsin Rapids Timber Rattlers batting - Pitching for Decatur Commodores : RHP William Martin
|
Batting: RHB Barbaro Garbey
|
0-0: Foul Ball, location: 2F 0-1: Ball 1-1: Ball 2-1: Ball 3-1: Base on Balls
|
Batting: LHB Matt Hall
|
0-0: DOUBLE (Line Drive, 7LS, EV 98.8 MPH) Barbaro Garbey to third
|
Batting: RHB Darryl Motley
|
0-0: Called Strike 0-1: Ball 1-1: Foul Ball, location: 2F 1-2: Strikes out looking
|
Batting: RHB Al Pedrique
|
0-0: Ball 1-0: Called Strike 1-1: Ball 2-1: Swinging Strike 2-2: Fly out, F7 (Flyball, 7S, EV 85.6 MPH)
|
Batting: RHB David Peterson
|
0-0: Foul Ball, location: 2F 0-1: Ball 1-1: Fly out, F8 (Flyball, 8LS, EV 76.9 MPH)
|
Top of the 8th over - 0 runs, 1 hit, 0 errors, 2 left on base; Wisconsin Rapids 10 - Decatur 0 |
BOTTOM OF THE 8TH |
Decatur Commodores batting - Pitching for Wisconsin Rapids Timber Rattlers : RHP Thomas Banducci
|
Batting: LHB Samuel Taves
|
0-0: Ball 1-0: Ball 2-0: Ball 3-0: Called Strike 3-1: Foul Ball, location: 2F 3-2: Ground out 6-3 (Groundball, 6, EV 103.8 MPH)
|
Batting: RHB Rafael Sanchez
|
0-0: Ball 1-0: Called Strike 1-1: Ball 2-1: Called Strike 2-2: SINGLE (Groundball, 56S, EV 68.8 MPH) (infield hit)
|
Pinch Hitting: LHB Steven Jerman
|
0-0: Called Strike 0-1: Fly out, F9 (Line Drive, 9, EV 93.8 MPH)
|
Batting: LHB Jerry Miller
|
0-0: Called Strike 0-1: Fly out, F8 (Flyball, 78D, EV 99.4 MPH)
|
Bottom of the 8th over - 0 runs, 1 hit, 0 errors, 1 left on base; Wisconsin Rapids 10 - Decatur 0 |
TOP OF THE 9TH |
Wisconsin Rapids Timber Rattlers batting - Pitching for Decatur Commodores : RHP William Martin
|
Pitching: RHP Ty Hubbard
|
|
Now at 2B: Steven Jerman
|
|
Batting: SHB Jose Uribe
|
0-0: Fly out, F6 (Flyball, 6D, EV 89.4 MPH)
|
Batting: RHB Jim Presley
|
0-0: Ball 1-0: Ball 2-0: Called Strike 2-1: Ball 3-1: Swinging Strike 3-2: Foul Ball, location: 2F 3-2: Fly out, F8 (Flyball, 8LS, EV 83.8 MPH)
|
Batting: LHB Jerry George
|
0-0: Swinging Strike 0-1: Fly out, F5 (Flyball, 5D, EV 90.6 MPH)
|
Top of the 9th over - 0 runs, 0 hits, 0 errors, 0 left on base; Wisconsin Rapids 10 - Decatur 0 |
BOTTOM OF THE 9TH |
Decatur Commodores batting - Pitching for Wisconsin Rapids Timber Rattlers : RHP Thomas Banducci
|
Batting: SHB Rondin Johnson
|
0-0: Ball 1-0: Ground out 5-3 (Groundball, 56, EV 84.4 MPH)
|
Batting: RHB Clifton Wilder
|
0-0: Ground out 5-3 (Groundball, 56, EV 103.1 MPH)
|
Batting: SHB Daniel Wieser
|
0-0: Foul Ball, location: 2F 0-1: Ball 1-1: Foul Ball, location: 2F 1-2: Fly out, F9 (Line Drive, 9D, EV 89.4 MPH)
|
Bottom of the 9th over - 0 runs, 0 hits, 0 errors, 0 left on base; Wisconsin Rapids 10 - Decatur 0 |
|